Predators vs Blue Jackets
(R1)
Created - April 10, 2022 at 19:56
Goals
|
| Predators |
0 |
1 |
0 |
0 |
1 |
2 |
| Blue Jackets |
0 |
1 |
0 |
0 |
0 |
1 |
|
Shots
|
| Predators |
5 |
16 |
10 |
0 |
3 |
31 |
| Blue Jackets |
7 |
11 |
9 |
1 |
3 |
28 |
|
1st period
No Goal
Penalties :
Denis Grebeshkov (Nas) for Hooking (Minor) at 4:53, Bobby Ryan (Clb) for Hooking (Minor) at 11:45, Jaden Schwartz (Nas) for Tripping (Minor) at 18:47
2nd period
1. Predators , Justin Abdelkader 2 (Jack Eichel 12, Alexander Edler 32) at 2:04
2. Blue Jackets , Peter Mueller 8 (Rickard Rakell 22) at 9:35
Penalties :
Ryan Kesler (Nas) for Hooking (Minor) at 5:29, Colton Parayko (Clb) for Tripping (Minor) at 5:49, Rick DiPietro (Clb) for Slashing (Minor) at 12:18 - Kevin Porter served the penalty, Dennis Wideman (Clb) for Tripping (Minor) at 19:39
3rd period
No Goal
Penalties :
Justin Faulk (Nas) for Interference (Minor) at 2:13, Peter Mueller (Clb) for Holding (Minor) at 7:06, John Moore (Nas) for Hooking (Minor) at 10:52, Artemi Panarin (Clb) for Hooking (Minor) at 11:17, Brad Boyes (Nas) for Holding (Minor) at 15:47, Rickard Rakell (Clb) for Roughing (Minor) at 17:12
Overtime #1
No Goal
Penalties :
No Penalty
Shootout
Predators, Alexander Ovechkin - Shot Misses the Net
Blue Jackets, Tyler Seguin - Shot Misses the Net
Predators, Mikael Granlund - Stopped by Rick DiPietro
Blue Jackets, Artemi Panarin - Stopped by Jaroslav Halak
Predators, Brendan Gallagher - Goal!
Blue Jackets, Henrik Sedin - Stopped by Jaroslav Halak
Penalties :
No Penalty
Goalie Stats
Jaroslav Halak (Nas), 27 saves from 28 shots - (0.964), W, 8-8-0, 65:00 minutes
Rick DiPietro (Clb), 30 saves from 31 shots - (0.968), OTL, 11-17-7, 65:00 minutes
Players Stats for Predators
Player Name G A P +/- PIM S H SB GA TA FO MP PP MP PK MP
------------------------------------------------------------------------------------
Alexander Edler 0 1 1 1 0 0 2 0 1 1 0/0 32:29 5:56 4:31
Alexander Ovechkin 0 0 0 0 0 0 1 1 0 1 8/15 26:55 5:00 5:00
Andy Miele 0 0 0 0 0 0 1 0 0 0 10/22 16:04 5:00 0:05
Brad Boyes 0 0 0 1 2 4 3 0 0 0 0/0 11:58 0:50 0:00
Brendan Gallagher 0 0 0 0 0 3 3 0 2 0 1/2 19:01 4:50 2:10
Chris Higgins 0 0 0 -1 0 0 1 0 0 0 0/0 7:22 0:00 0:44
Denis Grebeshkov 0 0 0 -1 2 2 0 1 0 0 0/0 11:54 0:11 0:29
Jack Eichel 0 1 1 1 0 2 1 1 1 0 2/6 11:52 0:00 1:32
Jaden Schwartz 0 0 0 0 2 3 1 0 1 0 0/2 19:23 4:50 1:36
John Moore 0 0 0 0 2 1 0 1 0 0 0/0 21:45 3:59 3:36
Justin Abdelkader 1 0 1 1 0 3 1 1 0 0 0/0 11:26 0:16 0:00
Justin Faulk 0 0 0 0 2 1 1 2 2 1 0/0 21:42 4:10 2:27
Mark Pysyk 0 0 0 -1 0 0 1 0 0 0 0/0 6:21 0:00 0:00
Mikael Granlund 0 0 0 0 0 6 2 1 0 1 2/3 27:11 5:01 5:07
Nate Schmidt 0 0 0 -1 0 0 0 1 1 0 0/0 10:06 0:00 0:40
Ryan Kesler 0 0 0 0 2 0 2 0 0 0 7/11 13:41 4:31 0:00
Ryan Mcdonagh 0 0 0 1 0 4 4 5 0 1 0/0 32:29 5:56 4:31
Scott Laughton 0 0 0 -1 0 2 2 0 1 0 3/5 6:21 0:00 0:00
Players Stats for Blue Jackets
Player Name G A P +/- PIM S H SB GA TA FO MP PP MP PK MP
------------------------------------------------------------------------------------
Artemi Panarin 0 0 0 -1 2 2 0 1 0 1 2/3 20:56 4:38 0:46
Bobby Ryan 0 0 0 -1 2 8 2 0 0 0 0/0 18:56 4:39 0:34
Brandon Bollig 0 0 0 0 0 1 0 1 0 0 0/2 11:34 0:00 5:23
Colton Parayko 0 0 0 -1 2 1 6 2 2 2 0/0 30:34 4:58 5:05
Dennis Wideman 0 0 0 0 2 0 0 2 0 1 0/0 11:01 0:00 0:02
Devin Setoguchi 0 0 0 1 0 0 2 0 1 0 0/0 11:17 0:00 0:00
Emerson Etem 0 0 0 0 0 1 1 0 0 0 0/1 11:15 0:00 2:46
Henrik Sedin 0 0 0 0 0 1 4 1 0 0 8/10 20:45 3:22 6:04
Kevin Porter 0 0 0 0 0 1 3 2 1 0 1/1 8:09 0:00 2:08
Peter Mueller 1 0 1 1 2 3 0 0 0 0 3/8 17:18 3:28 0:13
Rickard Rakell 0 1 1 1 2 0 0 0 0 0 0/0 14:43 3:27 0:00
Rob Scuderi 0 0 0 1 0 2 1 1 0 0 0/0 18:18 0:00 4:59
Shea Theodore 0 0 0 0 0 0 0 0 1 1 0/0 14:41 3:08 0:00
Shea Weber 0 0 0 1 0 2 1 0 0 2 0/0 24:08 3:08 4:59
T.J. Oshie 0 0 0 0 0 2 1 0 0 0 1/3 11:18 0:06 0:22
Travis Hamonic 0 0 0 -1 0 1 1 4 0 2 0/0 32:01 4:59 5:07
Tyler Kennedy 0 0 0 0 0 1 2 0 0 0 0/0 8:03 0:00 1:56
Tyler Seguin 0 0 0 -1 0 2 3 0 0 0 18/38 21:04 4:39 0:00
3 Stars
1 - Rick DiPietro (Clb)
2 - Jaroslav Halak (Nas)
3 - Justin Abdelkader (Nas)
Power Play
Predators - 0 on 7 Attempt(s) - 0.00%
Blue Jackets - 0 on 6 Attempt(s) - 0.00%
Penalty Kill
Predators - 6 on 6 Attempt(s) - 100.00%
- Score 0 goal in Penalty Kill
Blue Jackets - 7 on 7 Attempt(s) - 100.00%
- Score 0 goal in Penalty Kill
Team Stat
Predators - Hits : 26 - Faceoff Wins : 33 - Blocked Shots : 14 - Penalty Minutes : 12
Blue Jackets - Hits : 27 - Faceoff Wins : 33 - Blocked Shots : 14 - Penalty Minutes : 14
Official
Referees : Beaudry Halkidis and Kendrick Nicholson
Linesman : Travis Gawryletz and Brad Kovachik
Game Notes
No Game Note
Finance
Level 1 -- Attendance: 5333 (88.88%) -- Ticket Income $533,300
Level 2 -- Attendance: 5000 (100.00%) -- Ticket Income $300,000
Level 3 -- Attendance: 1927 (96.35%) -- Ticket Income $67,445
Level 4 -- Attendance: 4000 (100.00%) -- Ticket Income $100,000
Luxury Box -- Attendance: 992 (99.20%) -- Ticket Income $198,400
Game was played at the Nationwide arena.
Total Attendance: 17252 (95.84%)
Total Ticket Income: $1,199,145
Other Income: $179,872
Total Income: $1,379,017
Predators
5 vs 5 Forward
Center Left Wing Right Wing Time % Phy DF OF
1 Andy Miele Alexander Ovechkin Mikael Granlund 40 1 2 2
2 Ryan Kesler Jaden Schwartz Brendan Gallagher 30 1 2 2
3 Jack Eichel Justin Abdelkader Brad Boyes 20 1 2 2
4 Scott Laughton Chris Higgins Mark Pysyk 10 1 2 2
5 vs 5 Defense
Defense Defense Time % Phy DF OF
1 Ryan Mcdonagh Alexander Edler 40 1 2 2
2 John Moore Justin Faulk 30 1 2 2
3 Nate Schmidt Denis Grebeshkov 20 1 2 2
4 Ryan Mcdonagh Alexander Edler 10 1 2 2
PowerPlay Forward
Center Left Wing Right Wing Time % Phy DF OF
1 Andy Miele Alexander Ovechkin Mikael Granlund 60 1 2 2
2 Ryan Kesler Jaden Schwartz Brendan Gallagher 40 1 2 2
PowerPlay Defense
Defense Defense Time % Phy DF OF
1 Ryan Mcdonagh Alexander Edler 60 1 2 2
2 John Moore Justin Faulk 40 1 2 2
Penalty Kill 4 Players Forward
Center Wing Time % Phy DF OF
1 Alexander Ovechkin Mikael Granlund 60 1 2 2
2 Brendan Gallagher Jaden Schwartz 40 1 2 2
Penalty Kill 4 Players Defense
Defense Defense Time % Phy DF OF
1 Ryan Mcdonagh Alexander Edler 60 1 2 2
2 John Moore Justin Faulk 40 1 2 2
Penalty Kill - 3 Players Forward
Forward Time % Phy DF OF
1 Alexander Ovechkin 60 1 2 2
2 Mikael Granlund 40 1 2 2
Penalty Kill - 3 Players Defense
Defense Defense Time % Phy DF OF
1 Ryan Mcdonagh Alexander Edler 60 1 2 2
2 John Moore Justin Faulk 40 1 2 2
4 vs 4 Forward
Center Wing Time % Phy DF OF
1 Alexander Ovechkin Mikael Granlund 60 1 2 2
2 Brendan Gallagher Jaden Schwartz 40 1 2 2
4 vs 4 Defense
Defense Defense Time % Phy DF OF
1 Ryan Mcdonagh Alexander Edler 60 1 2 2
2 John Moore Justin Faulk 40 1 2 2
Last Minutes Offensive
Center Left Wing Right Wing Defense Defense
Andy Miele Alexander Ovechkin Mikael Granlund Ryan Mcdonagh Alexander Edler
Last Minutes Defensive
Center Left Wing Right Wing Defense Defense
Andy Miele Alexander Ovechkin Mikael Granlund Ryan Mcdonagh Alexander Edler
Goaltenders
Starting : Jaroslav Halak
Backup : Kari Lehtonen
Extra Forwards
Normal : Brad Boyes, Justin Abdelkader, Jack Eichel - PP : Brad Boyes, Justin Abdelkader - PK : Jack Eichel
Extra Defensemen
Normal : Justin Faulk, Denis Grebeshkov, John Moore - PP : Denis Grebeshkov - PK : Nate Schmidt, Denis Grebeshkov
Penalty Shots
Alexander Ovechkin, Mikael Granlund, Brendan Gallagher, Jaden Schwartz, Brad Boyes
Scratches
Mike Brown (Healthy)
Blue Jackets
5 vs 5 Forward
Center Left Wing Right Wing Time % Phy DF OF
1 Tyler Seguin Artemi Panarin Bobby Ryan 40 1 2 2
2 Peter Mueller Rickard Rakell Devin Setoguchi 30 1 2 2
3 Henrik Sedin Emerson Etem T.J. Oshie 20 1 2 2
4 Kevin Porter Brandon Bollig Tyler Kennedy 10 1 2 2
5 vs 5 Defense
Defense Defense Time % Phy DF OF
1 Travis Hamonic Colton Parayko 40 1 2 2
2 Shea Weber Shea Theodore 30 1 2 2
3 Dennis Wideman Rob Scuderi 20 1 2 2
4 Travis Hamonic Colton Parayko 10 1 2 2
PowerPlay Forward
Center Left Wing Right Wing Time % Phy DF OF
1 Tyler Seguin Artemi Panarin Bobby Ryan 60 1 2 2
2 Peter Mueller Henrik Sedin Rickard Rakell 40 1 2 2
PowerPlay Defense
Defense Defense Time % Phy DF OF
1 Travis Hamonic Colton Parayko 60 1 2 2
2 Shea Weber Shea Theodore 40 1 2 2
Penalty Kill 4 Players Forward
Center Wing Time % Phy DF OF
1 Henrik Sedin Brandon Bollig 60 1 2 2
2 Kevin Porter Emerson Etem 40 1 2 2
Penalty Kill 4 Players Defense
Defense Defense Time % Phy DF OF
1 Travis Hamonic Colton Parayko 60 1 2 2
2 Shea Weber Rob Scuderi 40 1 2 2
Penalty Kill - 3 Players Forward
Forward Time % Phy DF OF
1 Henrik Sedin 60 1 2 2
2 Kevin Porter 40 1 2 2
Penalty Kill - 3 Players Defense
Defense Defense Time % Phy DF OF
1 Travis Hamonic Colton Parayko 60 1 2 2
2 Shea Weber Rob Scuderi 40 1 2 2
4 vs 4 Forward
Center Wing Time % Phy DF OF
1 Tyler Seguin Artemi Panarin 60 1 2 2
2 Henrik Sedin Bobby Ryan 40 1 2 2
4 vs 4 Defense
Defense Defense Time % Phy DF OF
1 Travis Hamonic Colton Parayko 60 1 2 2
2 Shea Weber Rob Scuderi 40 1 2 2
Last Minutes Offensive
Center Left Wing Right Wing Defense Defense
Tyler Seguin Artemi Panarin Bobby Ryan Travis Hamonic Colton Parayko
Last Minutes Defensive
Center Left Wing Right Wing Defense Defense
Tyler Seguin Artemi Panarin Bobby Ryan Travis Hamonic Colton Parayko
Goaltenders
Starting : Rick DiPietro
Backup : Jonas Gustavsson
Extra Forwards
Normal : T.J. Oshie, Peter Mueller, Tyler Kennedy - PP : T.J. Oshie, Peter Mueller - PK : Tyler Kennedy
Extra Defensemen
Normal : Dennis Wideman, Shea Theodore, Shea Weber - PP : Dennis Wideman - PK : Shea Theodore, Shea Weber
Penalty Shots
Tyler Seguin, Artemi Panarin, Henrik Sedin, Bobby Ryan, Rickard Rakell
Scratches
Andreas Nodl (Healthy), Martin Havlat (Healthy), Ryan Wilson (Healthy), Zac Dalpe (Torso Injury)
% Time on Ice - Predators
Lines # - Real PCT - Wanted PCT - Time Play
Normal Forward
1 - 32% - 40% - 12:09
2 - 25% - 30% - 9:34
3 - 26% - 20% - 9:56
4 - 17% - 10% - 6:21
Normal Defense
1 - 44% - 40% - 16:50
2 - 30% - 30% - 11:21
3 - 25% - 20% - 9:26
4 - 1% - 10% - 0:23
PP Forward
1 - 52% - 60% - 5:16
2 - 48% - 40% - 4:50
PP Defense
1 - 59% - 60% - 5:56
2 - 41% - 40% - 4:10
PK Forward
1 - 73% - 60% - 5:57
2 - 27% - 40% - 2:10
PK Defense
1 - 56% - 60% - 4:31
2 - 44% - 40% - 3:36
PK3 Forward
1 - 0% - 60%
2 - 0% - 40%
PK3 Defense
1 - 0% - 60%
2 - 0% - 40%
44 Forward
1 - 72% - 60% - 6:20
2 - 28% - 40% - 2:27
44 Defense
1 - 59% - 60% - 5:13
2 - 41% - 40% - 3:34
Last Minute Offensive - 0:00
Last Minute Defensive - 0:00
Total
Forward - 65:00
Defense - 65:00
|
% Time on Ice - Blue Jackets
Lines # - Real PCT - Wanted PCT - Time Play
Normal Forward
1 - 34% - 40% - 13:01
2 - 30% - 30% - 11:26
3 - 22% - 20% - 8:29
4 - 13% - 10% - 5:04
Normal Defense
1 - 40% - 40% - 15:13
2 - 35% - 30% - 13:25
3 - 23% - 20% - 8:39
4 - 2% - 10% - 0:43
PP Forward
1 - 57% - 60% - 4:39
2 - 43% - 40% - 3:28
PP Defense
1 - 61% - 60% - 4:59
2 - 39% - 40% - 3:08
PK Forward
1 - 67% - 60% - 6:46
2 - 33% - 40% - 3:20
PK Defense
1 - 51% - 60% - 5:07
2 - 49% - 40% - 4:59
PK3 Forward
1 - 0% - 60%
2 - 0% - 40%
PK3 Defense
1 - 0% - 60%
2 - 0% - 40%
44 Forward
1 - 75% - 60% - 6:36
2 - 25% - 40% - 2:11
44 Defense
1 - 70% - 60% - 6:11
2 - 30% - 40% - 2:36
Last Minute Offensive - 0:00
Last Minute Defensive - 0:00
Total
Forward - 65:00
Defense - 65:00
|
Play-by-Play
1st period
0:01 of 1st period - Tyler Seguin wins face-off versus Andy Miele in neutral zone.
0:41 of 1st period - Wrist shot by Bobby Ryan.
0:41 of 1st period - Stopped by Jaroslav Halak without a rebound.
0:42 of 1st period - Peter Mueller wins face-off versus Jaden Schwartz in Predators zone.
1:34 of 1st period - Justin Faulk is hit by Kevin Porter and loses puck.
1:45 of 1st period - Slapshot by Devin Setoguchi.
1:45 of 1st period - Shot Misses the Net.
1:47 of 1st period - Slapshot by Shea Weber.
1:47 of 1st period - Stopped by Jaroslav Halak with a rebound.
1:49 of 1st period - Slapshot by Shea Weber.
1:49 of 1st period - Shot Misses the Net.
1:51 of 1st period - Slapshot by Shea Weber.
1:51 of 1st period - Shot Blocked by John Moore.
2:05 of 1st period - Slapshot by Bobby Ryan.
2:05 of 1st period - Shot Blocked by Justin Abdelkader.
2:11 of 1st period - Wrist shot by Artemi Panarin.
2:11 of 1st period - Shot Misses the Net.
2:21 of 1st period - John Moore is hit by Henrik Sedin and loses puck.
2:59 of 1st period - Snap shot by Justin Abdelkader.
2:59 of 1st period - Shot Misses the Net.
3:07 of 1st period - Snap shot by Jack Eichel.
3:07 of 1st period - Stopped by Rick DiPietro with a rebound.
3:41 of 1st period - Snap shot by Emerson Etem.
3:41 of 1st period - Deflect By T.J. Oshie.
3:41 of 1st period - Shot Misses the Net.
3:41 of 1st period - Puck is out of play.
3:42 of 1st period - Andy Miele wins face-off versus Peter Mueller in Predators zone.
3:46 of 1st period - Off-side.
3:47 of 1st period - Peter Mueller wins face-off versus Andy Miele in neutral zone.
3:58 of 1st period - Wrist shot by Alexander Ovechkin.
3:58 of 1st period - Shot Misses the Net.
4:53 of 1st period - Minor Penalty to Denis Grebeshkov for Hooking.
4:54 of 1st period - Tyler Seguin wins face-off versus Alexander Ovechkin in Predators zone.
6:14 of 1st period - Shea Weber is hit by Justin Faulk and loses puck.
6:51 of 1st period - Icing by Artemi Panarin.
6:52 of 1st period - Tyler Seguin wins face-off versus Alexander Ovechkin in Blue Jackets zone.
6:53 of 1st period - Penalty to Denis Grebeshkov is over, Denis Grebeshkov is back on ice.
7:05 of 1st period - Travis Hamonic is hit by Jaden Schwartz and loses puck.
7:28 of 1st period - Snap shot by Justin Abdelkader.
7:28 of 1st period - Shot Misses the Net.
8:28 of 1st period - Snap shot by Mikael Granlund.
8:28 of 1st period - Stopped by Rick DiPietro with a rebound.
8:55 of 1st period - Dennis Wideman is hit by Jack Eichel and loses puck.
9:49 of 1st period - Alexander Ovechkin is hit by Tyler Kennedy and loses puck.
10:00 of 1st period - Snap shot by Tyler Kennedy.
10:00 of 1st period - Stopped by Jaroslav Halak without a rebound.
10:01 of 1st period - Ryan Kesler wins face-off versus Tyler Seguin in Predators zone.
10:01 of 1st period - Ryan Kesler is hit by Tyler Seguin.
10:09 of 1st period - Nate Schmidt is hit by Tyler Seguin and loses puck.
10:16 of 1st period - Jaden Schwartz is hit by Bobby Ryan and loses puck.
10:20 of 1st period - Icing by Denis Grebeshkov.
10:21 of 1st period - Brendan Gallagher wins face-off versus Peter Mueller in Predators zone.
10:21 of 1st period - Brendan Gallagher is hit by Rob Scuderi.
11:13 of 1st period - Icing by T.J. Oshie.
11:14 of 1st period - Andy Miele wins face-off versus Henrik Sedin in Blue Jackets zone.
11:30 of 1st period - Slapshot by Travis Hamonic.
11:30 of 1st period - Shot Blocked by Alexander Ovechkin.
11:32 of 1st period - Slapshot by Travis Hamonic.
11:32 of 1st period - Deflect By Alexander Edler.
11:32 of 1st period - Stopped by Jaroslav Halak with a rebound.
11:34 of 1st period - Wrist shot by T.J. Oshie.
11:34 of 1st period - Shot Blocked by Ryan Mcdonagh.
11:36 of 1st period - Wrist shot by Colton Parayko.
11:36 of 1st period - Deflect By Emerson Etem.
11:36 of 1st period - Shot Hit the Post.
11:36 of 1st period - Puck is out of play.
11:37 of 1st period - Scott Laughton wins face-off versus Tyler Seguin in Predators zone.
11:44 of 1st period - Slapshot by Justin Faulk.
11:44 of 1st period - Deflect By Shea Weber.
11:44 of 1st period - Stopped by Rick DiPietro without a rebound.
11:45 of 1st period - Tyler Seguin wins face-off versus Scott Laughton in Blue Jackets zone.
11:45 of 1st period - Minor Penalty to Bobby Ryan for Hooking.
11:46 of 1st period - Andy Miele wins face-off versus Brandon Bollig in Blue Jackets zone.
12:23 of 1st period - Snap shot by Emerson Etem.
12:23 of 1st period - Shot Misses the Net.
12:25 of 1st period - Slapshot by Rob Scuderi.
12:25 of 1st period - Stopped by Jaroslav Halak without a rebound.
12:26 of 1st period - Kevin Porter wins face-off versus Ryan Kesler in Predators zone.
12:53 of 1st period - Wrist shot by Brandon Bollig.
12:53 of 1st period - Shot Blocked by Justin Faulk.
13:45 of 1st period - Penalty to Bobby Ryan is over, Bobby Ryan is back on ice.
15:16 of 1st period - Wrist shot by Bobby Ryan.
15:16 of 1st period - Stopped by Jaroslav Halak with a rebound.
15:18 of 1st period - Slapshot by Rob Scuderi.
15:18 of 1st period - Shot Blocked by Ryan Mcdonagh.
15:35 of 1st period - Mikael Granlund is hit by Kevin Porter.
17:14 of 1st period - Slapshot by Jaden Schwartz.
17:14 of 1st period - Stopped by Rick DiPietro without a rebound.
17:15 of 1st period - Tyler Seguin wins face-off versus Andy Miele in Blue Jackets zone.
17:15 of 1st period - Tyler Seguin is hit by Mikael Granlund.
17:21 of 1st period - Artemi Panarin is hit by Mikael Granlund and loses puck.
17:42 of 1st period - Rickard Rakell is hit by Brendan Gallagher and loses puck.
18:11 of 1st period - Snap shot by Brad Boyes.
18:11 of 1st period - Shot Misses the Net.
18:13 of 1st period - Wrist shot by Justin Abdelkader.
18:13 of 1st period - Shot Blocked by Dennis Wideman.
18:15 of 1st period - Slapshot by John Moore.
18:15 of 1st period - Deflect By Rob Scuderi.
18:15 of 1st period - Stopped by Rick DiPietro without a rebound.
18:16 of 1st period - Tyler Seguin wins face-off versus Andy Miele in Blue Jackets zone.
18:43 of 1st period - Peter Mueller is hit by Brendan Gallagher and loses puck.
18:47 of 1st period - Minor Penalty to Jaden Schwartz for Tripping.
18:48 of 1st period - Tyler Seguin wins face-off versus Alexander Ovechkin in Predators zone.
18:49 of 1st period - Snap shot by Artemi Panarin.
18:49 of 1st period - Deflect By Bobby Ryan.
18:49 of 1st period - Stopped by Jaroslav Halak without a rebound.
18:50 of 1st period - Tyler Seguin wins face-off versus Alexander Ovechkin in Predators zone.
Goals for this period are 0 for Predators vs 0 for Blue Jackets.
Shots for this period are 5 for Predators vs 7 for Blue Jackets.
2nd period
0:01 of 2nd period - Mikael Granlund wins face-off versus Tyler Seguin in neutral zone.
0:26 of 2nd period - Alexander Ovechkin is hit by Henrik Sedin.
0:47 of 2nd period - Penalty to Jaden Schwartz is over, Jaden Schwartz is back on ice.
1:17 of 2nd period - Mikael Granlund is hit by Henrik Sedin and loses puck.
1:32 of 2nd period - Wrist shot by Artemi Panarin.
1:32 of 2nd period - Shot Blocked by Justin Faulk.
1:43 of 2nd period - Off-side.
1:44 of 2nd period - Peter Mueller wins face-off versus Jack Eichel in neutral zone.
1:47 of 2nd period - Brad Boyes is hit by Devin Setoguchi and loses puck.
1:54 of 2nd period - Slapshot by Justin Abdelkader.
1:54 of 2nd period - Stopped by Rick DiPietro without a rebound.
1:55 of 2nd period - Jack Eichel wins face-off versus Tyler Seguin in Blue Jackets zone.
1:56 of 2nd period - Snap shot by Justin Abdelkader.
1:56 of 2nd period - Shot Blocked by Artemi Panarin.
1:58 of 2nd period - Snap shot by Justin Abdelkader.
1:58 of 2nd period - Shot Misses the Net.
2:00 of 2nd period - Snap shot by Jack Eichel.
2:00 of 2nd period - Stopped by Rick DiPietro with a rebound.
2:02 of 2nd period - Slapshot by Alexander Edler.
2:02 of 2nd period - Shot Blocked by Colton Parayko.
2:04 of 2nd period - Snap shot by Jack Eichel.
2:04 of 2nd period - Deflect By Justin Abdelkader.
2:04 of 2nd period - Goal by Justin Abdelkader - Predators : 1 - Blue Jackets : 0.
2:05 of 2nd period - Ryan Kesler wins face-off versus Tyler Seguin in neutral zone.
2:54 of 2nd period - Snap shot by T.J. Oshie.
2:54 of 2nd period - Shot Misses the Net.
3:43 of 2nd period - Wrist shot by Brad Boyes.
3:43 of 2nd period - Stopped by Rick DiPietro without a rebound.
3:44 of 2nd period - Tyler Seguin wins face-off versus Jack Eichel in Blue Jackets zone.
3:44 of 2nd period - Tyler Seguin is hit by Alexander Edler.
3:52 of 2nd period - Wrist shot by Bobby Ryan.
3:52 of 2nd period - Stopped by Jaroslav Halak with a rebound.
3:54 of 2nd period - Snap shot by Dennis Wideman.
3:54 of 2nd period - Shot Blocked by Ryan Mcdonagh.
3:56 of 2nd period - Snap shot by Artemi Panarin.
3:56 of 2nd period - Deflect By Tyler Seguin.
3:56 of 2nd period - Shot Misses the Net.
3:56 of 2nd period - Puck is out of play.
3:57 of 2nd period - Andy Miele wins face-off versus Tyler Seguin in Predators zone.
4:12 of 2nd period - Slapshot by Mikael Granlund.
4:12 of 2nd period - Shot Misses the Net.
4:14 of 2nd period - Snap shot by Ryan Mcdonagh.
4:14 of 2nd period - Stopped by Rick DiPietro without a rebound.
4:15 of 2nd period - Ryan Kesler wins face-off versus Peter Mueller in Blue Jackets zone.
4:28 of 2nd period - Wrist shot by Jaden Schwartz.
4:28 of 2nd period - Stopped by Rick DiPietro without a rebound.
4:29 of 2nd period - Tyler Seguin wins face-off versus Andy Miele in Blue Jackets zone.
4:29 of 2nd period - Tyler Seguin is hit by Ryan Mcdonagh.
4:41 of 2nd period - Slapshot by Artemi Panarin.
4:41 of 2nd period - Shot Misses the Net.
4:43 of 2nd period - Snap shot by Travis Hamonic.
4:43 of 2nd period - Shot Blocked by Mikael Granlund.
4:45 of 2nd period - Slapshot by Colton Parayko.
4:45 of 2nd period - Shot Misses the Net.
4:55 of 2nd period - Mikael Granlund is hit by Colton Parayko and loses puck.
5:12 of 2nd period - Snap shot by Mikael Granlund.
5:12 of 2nd period - Stopped by Rick DiPietro with a rebound.
5:14 of 2nd period - Snap shot by Andy Miele.
5:14 of 2nd period - Shot Blocked by Henrik Sedin.
5:16 of 2nd period - Slapshot by Alexander Edler.
5:16 of 2nd period - Deflect By Mikael Granlund.
5:16 of 2nd period - Stopped by Rick DiPietro with a rebound.
5:18 of 2nd period - Slapshot by Ryan Mcdonagh.
5:18 of 2nd period - Stopped by Rick DiPietro without a rebound.
5:19 of 2nd period - Ryan Kesler wins face-off versus Tyler Seguin in Blue Jackets zone.
5:29 of 2nd period - Minor Penalty to Ryan Kesler for Hooking.
5:30 of 2nd period - Alexander Ovechkin wins face-off versus Tyler Seguin in Predators zone.
5:49 of 2nd period - Minor Penalty to Colton Parayko for Tripping.
5:50 of 2nd period - Tyler Seguin wins face-off versus Alexander Ovechkin in Blue Jackets zone.
6:04 of 2nd period - Off-side.
6:05 of 2nd period - Tyler Seguin wins face-off versus Mikael Granlund in neutral zone.
6:14 of 2nd period - Slapshot by Artemi Panarin.
6:14 of 2nd period - Stopped by Jaroslav Halak with a rebound.
7:03 of 2nd period - Snap shot by Bobby Ryan.
7:03 of 2nd period - Stopped by Jaroslav Halak with a rebound.
7:17 of 2nd period - Alexander Edler is hit by T.J. Oshie and loses puck.
7:26 of 2nd period - Peter Mueller is hit by Justin Abdelkader and loses puck.
7:29 of 2nd period - Penalty to Ryan Kesler is over, Ryan Kesler is back on ice.
7:43 of 2nd period - Slapshot by Ryan Mcdonagh.
7:43 of 2nd period - Deflect By Ryan Kesler.
7:43 of 2nd period - Shot Misses the Net.
7:43 of 2nd period - Puck is out of play.
7:44 of 2nd period - Henrik Sedin wins face-off versus Ryan Kesler in Blue Jackets zone.
7:49 of 2nd period - Penalty to Colton Parayko is over, Colton Parayko is back on ice.
7:57 of 2nd period - Wrist shot by Brendan Gallagher.
7:57 of 2nd period - Shot Blocked by Brandon Bollig.
8:17 of 2nd period - Slapshot by Mikael Granlund.
8:17 of 2nd period - Stopped by Rick DiPietro with a rebound.
9:05 of 2nd period - Snap shot by Peter Mueller.
9:05 of 2nd period - Shot Blocked by Denis Grebeshkov.
9:35 of 2nd period - Slapshot by Peter Mueller.
9:35 of 2nd period - Goal by Peter Mueller - Predators : 1 - Blue Jackets : 1.
9:36 of 2nd period - Tyler Seguin wins face-off versus Andy Miele in neutral zone.
10:02 of 2nd period - Colton Parayko is hit by Brendan Gallagher and loses puck.
10:27 of 2nd period - Snap shot by Brandon Bollig.
10:27 of 2nd period - Shot Misses the Net.
10:33 of 2nd period - Slapshot by Colton Parayko.
10:33 of 2nd period - Stopped by Jaroslav Halak with a rebound.
10:43 of 2nd period - Artemi Panarin is hit by Andy Miele and loses puck.
11:42 of 2nd period - Slapshot by Brad Boyes.
11:42 of 2nd period - Stopped by Rick DiPietro with a rebound.
11:44 of 2nd period - Slapshot by Ryan Mcdonagh.
11:44 of 2nd period - Shot Misses the Net.
12:16 of 2nd period - Slapshot by Jaden Schwartz.
12:16 of 2nd period - Shot Blocked by Rob Scuderi.
12:18 of 2nd period - Slapshot by Denis Grebeshkov.
12:18 of 2nd period - Stopped by Rick DiPietro without a rebound.
12:18 of 2nd period - Minor Penalty to Rick DiPietro for Slashing.
12:19 of 2nd period - Andy Miele wins face-off versus Henrik Sedin in Blue Jackets zone.
13:06 of 2nd period - Rob Scuderi is hit by Ryan Kesler and loses puck.
13:15 of 2nd period - Snap shot by Brendan Gallagher.
13:15 of 2nd period - Stopped by Rick DiPietro without a rebound.
13:16 of 2nd period - Andy Miele wins face-off versus Emerson Etem in Blue Jackets zone.
14:18 of 2nd period - Penalty to Kevin Porter is over, Kevin Porter is back on ice.
14:50 of 2nd period - Rickard Rakell is hit by Scott Laughton and loses puck.
16:01 of 2nd period - Slapshot by Peter Mueller.
16:01 of 2nd period - Stopped by Jaroslav Halak with a rebound.
16:09 of 2nd period - Slapshot by Denis Grebeshkov.
16:09 of 2nd period - Stopped by Rick DiPietro without a rebound.
16:10 of 2nd period - Tyler Seguin wins face-off versus Ryan Kesler in Blue Jackets zone.
16:19 of 2nd period - Ryan Mcdonagh is hit by Colton Parayko.
17:00 of 2nd period - Snap shot by Mikael Granlund.
17:00 of 2nd period - Stopped by Rick DiPietro with a rebound.
17:20 of 2nd period - Off-side.
17:21 of 2nd period - Ryan Kesler wins face-off versus Tyler Seguin in neutral zone.
17:30 of 2nd period - Wrist shot by Tyler Seguin.
17:30 of 2nd period - Stopped by Jaroslav Halak with a rebound.
17:36 of 2nd period - Wrist shot by Brendan Gallagher.
17:36 of 2nd period - Stopped by Rick DiPietro with a rebound.
17:48 of 2nd period - Alexander Ovechkin is hit by Emerson Etem and loses puck.
17:52 of 2nd period - Icing by Nate Schmidt.
17:53 of 2nd period - Henrik Sedin wins face-off versus Andy Miele in Predators zone.
18:08 of 2nd period - Wrist shot by T.J. Oshie.
18:08 of 2nd period - Stopped by Jaroslav Halak with a rebound.
18:10 of 2nd period - Wrist shot by Emerson Etem.
18:10 of 2nd period - Stopped by Jaroslav Halak with a rebound.
18:12 of 2nd period - Slapshot by Shea Weber.
18:12 of 2nd period - Stopped by Jaroslav Halak without a rebound.
18:13 of 2nd period - Ryan Kesler wins face-off versus Tyler Seguin in Predators zone.
18:13 of 2nd period - Ryan Kesler is hit by Colton Parayko.
18:23 of 2nd period - Backhand shot by Bobby Ryan.
18:23 of 2nd period - Stopped by Jaroslav Halak without a rebound.
18:24 of 2nd period - Tyler Seguin wins face-off versus Andy Miele in Predators zone.
19:39 of 2nd period - Minor Penalty to Dennis Wideman for Tripping.
19:40 of 2nd period - Henrik Sedin wins face-off versus Andy Miele in Blue Jackets zone.
19:50 of 2nd period - Brandon Bollig is hit by Alexander Ovechkin and loses puck.
Goals for this period are 1 for Predators vs 1 for Blue Jackets.
Shots for this period are 16 for Predators vs 11 for Blue Jackets.
3rd period
0:01 of 3rd period - Andy Miele wins face-off versus Brandon Bollig in neutral zone.
0:14 of 3rd period - Snap shot by Mikael Granlund.
0:14 of 3rd period - Stopped by Rick DiPietro with a rebound.
0:16 of 3rd period - Backhand shot by Ryan Mcdonagh.
0:16 of 3rd period - Deflect By Travis Hamonic.
0:16 of 3rd period - Stopped by Rick DiPietro with a rebound.
0:37 of 3rd period - Off-side.
0:38 of 3rd period - Henrik Sedin wins face-off versus Jaden Schwartz in neutral zone.
1:39 of 3rd period - Penalty to Dennis Wideman is over, Dennis Wideman is back on ice.
2:08 of 3rd period - Slapshot by Ryan Mcdonagh.
2:08 of 3rd period - Stopped by Rick DiPietro without a rebound.
2:09 of 3rd period - Ryan Kesler wins face-off versus Tyler Seguin in Blue Jackets zone.
2:13 of 3rd period - Minor Penalty to Justin Faulk for Interference.
2:14 of 3rd period - Alexander Ovechkin wins face-off versus Tyler Seguin in Predators zone.
2:40 of 3rd period - Ryan Mcdonagh is hit by Colton Parayko and loses puck.
3:51 of 3rd period - Artemi Panarin is hit by Chris Higgins and loses puck.
4:13 of 3rd period - Penalty to Justin Faulk is over, Justin Faulk is back on ice.
4:16 of 3rd period - Brendan Gallagher is hit by Kevin Porter and loses puck.
4:41 of 3rd period - Wrist shot by Jaden Schwartz.
4:41 of 3rd period - Shot Blocked by Kevin Porter.
4:48 of 3rd period - Off-side.
4:49 of 3rd period - Scott Laughton wins face-off versus T.J. Oshie in neutral zone.
5:52 of 3rd period - Dennis Wideman is hit by Brad Boyes and loses puck.
5:57 of 3rd period - Wrist shot by Justin Abdelkader.
5:57 of 3rd period - Deflect By Brad Boyes.
5:57 of 3rd period - Stopped by Rick DiPietro with a rebound.
5:59 of 3rd period - Slapshot by Nate Schmidt.
5:59 of 3rd period - Deflect By Justin Abdelkader.
5:59 of 3rd period - Shot Blocked by Dennis Wideman.
5:59 of 3rd period - Puck is out of play.
6:00 of 3rd period - Artemi Panarin wins face-off versus Andy Miele in Blue Jackets zone.
6:05 of 3rd period - Alexander Edler is hit by Tyler Seguin and loses puck.
6:26 of 3rd period - Peter Mueller is hit by Ryan Mcdonagh and loses puck.
6:47 of 3rd period - Devin Setoguchi is hit by Scott Laughton and loses puck.
7:00 of 3rd period - Snap shot by Scott Laughton.
7:00 of 3rd period - Stopped by Rick DiPietro with a rebound.
7:06 of 3rd period - Minor Penalty to Peter Mueller for Holding.
7:07 of 3rd period - Henrik Sedin wins face-off versus Andy Miele in Blue Jackets zone.
7:50 of 3rd period - Snap shot by Ryan Kesler.
7:50 of 3rd period - Shot Blocked by Kevin Porter.
9:06 of 3rd period - Penalty to Peter Mueller is over, Peter Mueller is back on ice.
9:28 of 3rd period - Slapshot by Chris Higgins.
9:28 of 3rd period - Shot Misses the Net.
9:42 of 3rd period - Snap shot by Kevin Porter.
9:42 of 3rd period - Shot Blocked by Nate Schmidt.
9:44 of 3rd period - Slapshot by Brandon Bollig.
9:44 of 3rd period - Stopped by Jaroslav Halak with a rebound.
9:46 of 3rd period - Snap shot by Peter Mueller.
9:46 of 3rd period - Stopped by Jaroslav Halak with a rebound.
9:48 of 3rd period - Slapshot by Peter Mueller.
9:48 of 3rd period - Shot Blocked by Jack Eichel.
9:50 of 3rd period - Wrist shot by Kevin Porter.
9:50 of 3rd period - Stopped by Jaroslav Halak without a rebound.
9:51 of 3rd period - Tyler Seguin wins face-off versus Scott Laughton in Predators zone.
9:54 of 3rd period - Slapshot by Bobby Ryan.
9:54 of 3rd period - Stopped by Jaroslav Halak without a rebound.
9:55 of 3rd period - Scott Laughton wins face-off versus Tyler Seguin in Predators zone.
10:09 of 3rd period - Snap shot by Tyler Seguin.
10:09 of 3rd period - Stopped by Jaroslav Halak without a rebound.
10:10 of 3rd period - Andy Miele wins face-off versus Peter Mueller in Predators zone.
10:10 of 3rd period - Andy Miele is hit by Devin Setoguchi.
10:39 of 3rd period - Icing by Jaden Schwartz.
10:40 of 3rd period - Henrik Sedin wins face-off versus Ryan Kesler in Predators zone.
10:52 of 3rd period - Minor Penalty to John Moore for Hooking.
10:53 of 3rd period - Mikael Granlund wins face-off versus Artemi Panarin in Predators zone.
11:02 of 3rd period - Off-side.
11:03 of 3rd period - Alexander Ovechkin wins face-off versus Tyler Seguin in neutral zone.
11:17 of 3rd period - Minor Penalty to Artemi Panarin for Hooking.
11:18 of 3rd period - Alexander Ovechkin wins face-off versus Tyler Seguin in Blue Jackets zone.
11:32 of 3rd period - Wrist shot by T.J. Oshie.
11:32 of 3rd period - Stopped by Jaroslav Halak with a rebound.
11:34 of 3rd period - Slapshot by Colton Parayko.
11:34 of 3rd period - Deflect By Tyler Seguin.
11:34 of 3rd period - Shot Blocked by Ryan Mcdonagh.
11:34 of 3rd period - Puck is out of play.
11:35 of 3rd period - Alexander Ovechkin wins face-off versus Tyler Seguin in Predators zone.
11:58 of 3rd period - Alexander Ovechkin is hit by Colton Parayko.
12:18 of 3rd period - Off-side.
12:19 of 3rd period - T.J. Oshie wins face-off versus Alexander Ovechkin in neutral zone.
12:52 of 3rd period - Penalty to John Moore is over, John Moore is back on ice.
13:17 of 3rd period - Penalty to Artemi Panarin is over, Artemi Panarin is back on ice.
13:31 of 3rd period - Slapshot by Shea Weber.
13:31 of 3rd period - Shot Blocked by Ryan Mcdonagh.
13:33 of 3rd period - Slapshot by Rob Scuderi.
13:33 of 3rd period - Stopped by Jaroslav Halak without a rebound.
13:34 of 3rd period - Jack Eichel wins face-off versus Tyler Seguin in Predators zone.
13:41 of 3rd period - Snap shot by Justin Abdelkader.
13:41 of 3rd period - Shot Misses the Net.
13:43 of 3rd period - Wrist shot by Brad Boyes.
13:43 of 3rd period - Shot Blocked by Travis Hamonic.
13:45 of 3rd period - Snap shot by Brad Boyes.
13:45 of 3rd period - Stopped by Rick DiPietro without a rebound.
13:46 of 3rd period - Andy Miele wins face-off versus Peter Mueller in Blue Jackets zone.
14:38 of 3rd period - Henrik Sedin is hit by Brad Boyes and loses puck.
14:45 of 3rd period - Wrist shot by Justin Abdelkader.
14:45 of 3rd period - Shot Misses the Net.
14:47 of 3rd period - Snap shot by Justin Abdelkader.
14:47 of 3rd period - Stopped by Rick DiPietro with a rebound.
14:57 of 3rd period - Andy Miele is hit by Tyler Kennedy and loses puck.
15:26 of 3rd period - Rickard Rakell is hit by Mark Pysyk and loses puck.
15:31 of 3rd period - Slapshot by Mark Pysyk.
15:31 of 3rd period - Deflect By Scott Laughton.
15:31 of 3rd period - Stopped by Rick DiPietro without a rebound.
15:32 of 3rd period - Henrik Sedin wins face-off versus Jack Eichel in Blue Jackets zone.
15:32 of 3rd period - Henrik Sedin is hit by Brad Boyes.
15:47 of 3rd period - Minor Penalty to Brad Boyes for Holding.
15:48 of 3rd period - Alexander Ovechkin wins face-off versus Tyler Seguin in Predators zone.
16:00 of 3rd period - Slapshot by Artemi Panarin.
16:00 of 3rd period - Shot Misses the Net.
17:12 of 3rd period - Minor Penalty to Rickard Rakell for Roughing.
17:13 of 3rd period - Alexander Ovechkin wins face-off versus Tyler Seguin in Blue Jackets zone.
17:30 of 3rd period - Snap shot by Artemi Panarin.
17:30 of 3rd period - Stopped by Jaroslav Halak with a rebound.
17:36 of 3rd period - Tyler Seguin is hit by Ryan Mcdonagh and loses puck.
17:47 of 3rd period - Penalty to Brad Boyes is over, Brad Boyes is back on ice.
17:59 of 3rd period - Henrik Sedin is hit by Alexander Edler and loses puck.
18:12 of 3rd period - Wrist shot by Jaden Schwartz.
18:12 of 3rd period - Stopped by Rick DiPietro with a rebound.
18:14 of 3rd period - Slapshot by Brendan Gallagher.
18:14 of 3rd period - Shot Blocked by Travis Hamonic.
18:16 of 3rd period - Wrist shot by Brendan Gallagher.
18:16 of 3rd period - Shot Misses the Net.
18:18 of 3rd period - Wrist shot by Brad Boyes.
18:18 of 3rd period - Shot Blocked by Travis Hamonic.
18:20 of 3rd period - Wrist shot by Brendan Gallagher.
18:20 of 3rd period - Stopped by Rick DiPietro without a rebound.
18:21 of 3rd period - Henrik Sedin wins face-off versus Andy Miele in Blue Jackets zone.
18:52 of 3rd period - Emerson Etem is hit by Ryan Kesler and loses puck.
19:12 of 3rd period - Penalty to Rickard Rakell is over, Rickard Rakell is back on ice.
19:54 of 3rd period - Wrist shot by Bobby Ryan.
19:54 of 3rd period - Stopped by Jaroslav Halak without a rebound.
19:55 of 3rd period - Andy Miele wins face-off versus T.J. Oshie in Predators zone.
Goals for this period are 0 for Predators vs 0 for Blue Jackets.
Shots for this period are 10 for Predators vs 9 for Blue Jackets.
Overtime #1
0:01 of 1st overtime period - Artemi Panarin wins face-off versus Alexander Ovechkin in neutral zone.
0:16 of 1st overtime period - Slapshot by Alexander Ovechkin.
0:16 of 1st overtime period - Shot Blocked by Travis Hamonic.
0:46 of 1st overtime period - Snap shot by Jaden Schwartz.
0:46 of 1st overtime period - Deflect By Brendan Gallagher.
0:46 of 1st overtime period - Shot Blocked by Colton Parayko.
0:46 of 1st overtime period - Puck is out of play.
0:47 of 1st overtime period - Alexander Ovechkin wins face-off versus Tyler Seguin in Blue Jackets zone.
1:00 of 1st overtime period - Ryan Mcdonagh is hit by Shea Weber and loses puck.
1:49 of 1st overtime period - Justin Abdelkader is hit by Colton Parayko and loses puck.
2:12 of 1st overtime period - Justin Faulk is hit by Travis Hamonic and loses puck.
2:22 of 1st overtime period - Icing by Henrik Sedin.
2:23 of 1st overtime period - Tyler Seguin wins face-off versus Brendan Gallagher in Blue Jackets zone.
2:42 of 1st overtime period - Ryan Mcdonagh is hit by Bobby Ryan and loses puck.
2:47 of 1st overtime period - Snap shot by Henrik Sedin.
2:47 of 1st overtime period - Stopped by Jaroslav Halak with a rebound.
2:49 of 1st overtime period - Wrist shot by Henrik Sedin.
2:49 of 1st overtime period - Shot Misses the Net.
3:53 of 1st overtime period - Icing by Jack Eichel.
3:54 of 1st overtime period - Tyler Seguin wins face-off versus Jack Eichel in Predators zone.
4:05 of 1st overtime period - Henrik Sedin is hit by Ryan Mcdonagh and loses puck.
4:38 of 1st overtime period - Justin Faulk is hit by Henrik Sedin and loses puck.
Goals for this period are 0 for Predators vs 0 for Blue Jackets.
Shots for this period are 0 for Predators vs 1 for Blue Jackets.
ShootOut
5:00 of 1st overtime period - Round #1.
5:00 of 1st overtime period - Predators, Alexander Ovechkin.
5:00 of 1st overtime period - Wrist shot by Alexander Ovechkin.
5:00 of 1st overtime period - Shot Misses the Net.
5:00 of 1st overtime period - Blue Jackets, Tyler Seguin.
5:00 of 1st overtime period - Snap shot by Tyler Seguin.
5:00 of 1st overtime period - Shot Misses the Net.
5:00 of 1st overtime period - Round #2.
5:00 of 1st overtime period - Predators, Mikael Granlund.
5:00 of 1st overtime period - Wrist shot by Mikael Granlund.
5:00 of 1st overtime period - Stopped by Rick DiPietro.
5:00 of 1st overtime period - Blue Jackets, Artemi Panarin.
5:00 of 1st overtime period - Deke by Artemi Panarin.
5:00 of 1st overtime period - Stopped by Jaroslav Halak.
5:00 of 1st overtime period - Round #3.
5:00 of 1st overtime period - Predators, Brendan Gallagher.
5:00 of 1st overtime period - Wrist shot by Brendan Gallagher.
5:00 of 1st overtime period - Goal by Brendan Gallagher.
5:00 of 1st overtime period - Blue Jackets, Henrik Sedin.
5:00 of 1st overtime period - Deke by Henrik Sedin.
5:00 of 1st overtime period - Stopped by Jaroslav Halak.